AoeStats
← TM Caesar

Arena

507170454Analyzed
1v1 RM · 17d ago on Sep 17, 2026· 31m 38s· 2 players
Game mode
Random Map
Map size
Tiny (2 player)
Population
200
Speed
Normal
Resources
Standard
Victory
Conquest
Starting age
Dark Age
Ending age
Imperial Age
RankedLock teamsTeams togetherTeam positionsShared explorationLock speedFull tech treeHidden civsTurbo modeCheats
Victory
Defeat
🇦🇷 Malay · Argentina
1676
+10
🇲🇽 Gurjaras · Mexico
1537
-10
TM Caesar
11:47 Feudal Age
16:22 Castle Age
14:22 Double-Bit Axe
14:43 Horse Collar
15:35 Fletching
17:22 Crossbowman
22:23 Wheelbarrow
22:07 Padded Archer Armor
23:17 Heavy Plow
25:06 Bodkin Arrow
27:36 Hand Cart
27:22 Loom
30:54 Imperial Age
28:40 Bow Saw
28:34 Squires
28:41 Pikeman
29:48 Ballistics
30:12 Thumb Ring
30:25 Bracer
31:06 Leather Archer Armor
32:40 Chemistry
ranchwalker
10:24 Feudal Age
14:45 Castle Age
12:51 Double-Bit Axe
13:16 Horse Collar
14:51 Loom
16:41 Loom
18:17 Town Watch
19:32 Husbandry
23:21 Scale Barding Armor
24:43 Gold Mining
25:57 Forging
27:34 Bow Saw
29:12 Wheelbarrow
29:15 Chain Barding Armor
30:23 Bloodlines
31:03 Iron Casting
Connection lost

Rejoining the realm…

Still unreachable

The connection could not be restored.

Session expired

The server has moved on; the page needs a fresh start.